 Dungeon Crawl Stone Soup version 0.21.1-1-g345015fe64 (webtiles) character file.

151 DildoBatman the Sneak (level 5, -3/41 HPs)
             Began as a Formicid Enchanter on Feb 7, 2018.
             Slain by an orc wizard
             ... wielding a +0 dagger
              (4 damage)
             ... on level 3 of the Dungeon.
             The game lasted 00:07:50 (3780 turns).

DildoBatman the Sneak (Formicid Enchanter)          Turns: 3780, Time: 00:07:50

Health: -3/41      AC:  6    Str: 14    XL:     5   Next: 60%
Magic:  1/8        EV: 11    Int: 14    God:
Gold:   109        SH:  0    Dex: 11    Spells: 4/8 levels left

rFire    . . .     SeeInvis +   b - +0 mace (holy)
rCold    . . .     Gourm    .   (no shield)
rNeg     . . .     Faith    .   m - +0 ring mail
rPois    .         Spirit   .   (helmet unavailable)
rElec    .         Reflect  .   (no cloak)
rCorr    .         Harm     .   q - +0 pair of gloves
MR       +....                  (no boots)
Stlth    ++........             (no amulet)
HPRegen  0.13/turn              r - ring of protection from magic
MPRegen  0.11/turn              f - ring of wizardry

@: very slightly contaminated
A: permanent stasis, dig shafts and tunnels, four strong arms, antennae 3
a: Dig, Shaft Self


You were on level 3 of the Dungeon.
You were hungry.

You visited 1 branch of the dungeon, and saw 3 of its levels.

You collected 109 gold pieces.

Inventory:

Hand Weapons
 a - a +1 dagger
 b - a +0 mace of holy wrath (weapon)
Armour
 m - a +0 ring mail (worn)
 q - a +0 pair of gloves (worn)
 t - a +0 scale mail
 w - a +0 buckler
Jewellery
 e - an uncursed ring of fire
 f - a ring of wizardry (right hand)
 n - an uncursed ring of ice
 r - a ring of protection from magic (left hand)
Scrolls
 d - a scroll of enchant weapon {unknown}
 g - a scroll of immolation {unknown}
 i - a scroll of magic mapping {unknown}
 j - a scroll of teleportation {unknown}
 o - 2 scrolls of identify {unknown}
 p - 2 scrolls of random uselessness {unknown}
 u - a scroll of noise {unknown}
 x - a scroll of remove curse
Potions
 h - 2 potions of heal wounds {unknown}
 k - a potion of resistance {unknown}
 l - 2 potions of brilliance {unknown}
Books
 c - a book of Maledictions

   Spells                             Type                      Level
   a - Corona                         Hexes                        1
   b - Ensorcelled Hibernation        Hexes/Ice                    2
   c - Confuse                        Hexes                        3
   d - Tukima's Dance                 Hexes                        3
   e - Dazzling Spray                 Conjuration/Hexes            3
Comestibles
 s - 8 chunks of flesh
 v - 5 rations


   Skills:
 - Level 3.0 Fighting
 - Level 1.0 Short Blades
 * Level 2.7 Armour
 - Level 2.0 Dodging
 * Level 5.0 Stealth
 * Level 0.4 Shields
 - Level 2.1 Spellcasting
 - Level 3.6 Hexes


You had 4 spell levels left.
You knew the following spells:

 Your Spells              Type           Power        Failure   Level  Hunger
a - Corona                Hex            ##.....      4%          1    #......
b - Confuse               Hex            ##......     12%         3    ###....


Dungeon Overview and Level Annotations

Branches:
Dungeon (3/15)

Altars:
Dithmenos


Innate Abilities, Weirdness & Mutations

You cannot be hasted, slowed, berserked, paralysed or teleported.
You can dig through walls and to a lower floor.
Your four strong arms can wield two-handed weapons with a shield.
You have a pair of large antennae on your head. (SInv)


Message History

Press: ? - help, Shift-Dir - straight line, f/p - orc wizard
Aim: an orc wizard, wielding a dagger and wearing a robe (fast, chance to defeat MR: 47%)
The orc wizard is outlined in light.
The orc wizard gestures at you while chanting.
The puff of flame misses you. The orc wizard misses you.
You barely miss the orc wizard.
The orc wizard points at you and mumbles some strange words.
The magic dart hits you! The orc wizard completely misses you.
You completely miss the orc wizard. The orc wizard casts a spell at you.
The magic dart hits you!
The orc wizard hits you but does no damage.
A jackal comes into view.
You hit the orc wizard but do no damage.
The orc wizard gestures at you while chanting.
The magic dart hits you! The orc wizard hits you with a dagger.
You die...

#. #.# #.#####
############.....#######
......h(................
#@####.....#######
##o###.....# #o........#
#.........# .........#
#.(.......#######
.........#
#....<....#......
.........#
#.(.......#......
........#
#.(..............
.......#
#................


You could see an orc wizard, an orc and a jackal.

Vanquished Creatures
  5 adders
  3 oozes
  An adder skeleton (D:2)
  3 worms (D:2)
  3 dart slugs
  4 leopard geckos
  7 orcs (D:3)
  4 giant cockroaches
  6 goblins
  7 hobgoblins (D:1)
  7 kobolds
  3 quokkas
  4 bats
  6 frilled lizards
  5 rats
68 creatures vanquished.

Notes
Turn   | Place    | Note
-------+----------+-------------------------------------------
     0 | D:1      | DildoBatman the Formicid Enchanter began the quest for the Orb.
     0 | D:1      | Reached XP level 1. HP: 13/13 MP: 3/3
   369 | D:1      | Reached skill level 1 in Fighting
   476 | D:1      | Reached XP level 2. HP: 21/21 MP: 5/5
   717 | D:1      | Reached XP level 3. HP: 25/28 MP: 4/6
   748 | D:1      | Learned a level 3 spell: Confuse
  1687 | D:2      | Reached XP level 4. HP: 22/35 MP: 5/7
  1858 | D:2      | Reached skill level 1 in Armour
  1858 | D:2      | Reached skill level 4 in Stealth
  2739 | D:2      | Reached XP level 5. HP: 26/41 MP: 6/8
  3455 | D:3      | Found a shadowy altar of Dithmenos.
  3770 | D:3      | Reached skill level 5 in Stealth
  3780 | D:3      | HP: 1/41 [orc wizard/magic dart (7)]
  3780 | D:3      | Slain by an orc wizard

Skill      XL: |  1  2  3  4  5 |
---------------+----------------+-----
Fighting       | 1 2 3 |  3.0
Dodging        | 2 |  2.0
Armour         | 2 |  2.7
Stealth        | 4 5 |  5.0
Short Blades   | |  1.0
Shields        | |  0.4
Spellcasting   | |  2.1
Hexes          | |  3.6

Action                   |  1- 3 |  4- 6 || total
-------------------------+-------+-------++-------
Melee: Dagger            |   144 |   147 ||   291
       Mace              |       |    39 ||    39
 Cast: Corona            |    23 |    24 ||    47
       Confuse           |       |     1 ||     1
 Abil: Dig               |     1 |     1 ||     2
  Use: Scroll            |       |     1 ||     1
 Stab: Sleeping          |     6 |     6 ||    12
  Eat: Chunk             |     3 |     7 ||    10
Armor: Robe              |    18 |     3 ||    21
       Ring mail         |       |    69 ||    69
Dodge: Dodged            |    86 |   120 ||   206
